| TOP OF THE 1ST |
|
Iowa Cubs batting - Pitching for Syracuse Chiefs : RHP Jimmy Tasso
|
|
Pitching: RHP Jimmy Tasso
|
|
|
Batting: LHB Barend van der Kamp
|
0-0: Called Strike 0-1: Called Strike 0-2: Ball 1-2: Fly out, F9 (Flyball, 9LD, EV 79.4 MPH)
|
|
Batting: RHB Pat Barton
|
0-0: Ball 1-0: Reached on error, E5 (Groundball, 56, EV 81.9 MPH)
|
|
Pitching: RHP Jose Barreras
|
|
|
Batting: SHB Seung-ho Zhang
|
0-0: Ball 1-0: Fly out, F5 (Flyball, 56D, EV 77.5 MPH)
|
|
Batting: RHB Butch Koglin
|
0-0: Foul Ball, location: 2F 0-1: Foul Ball, location: 2F 0-2: Ground out 4-3 (Groundball, 4, EV 92.5 MPH)
|
| Top of the 1st over - 0 runs, 0 hits, 1 error, 1 left on base; Iowa 0 - Syracuse 0 |
| BOTTOM OF THE 1ST |
|
Syracuse Chiefs batting - Pitching for Iowa Cubs : RHP Chris Allen
|
|
Pitching: RHP Chris Allen
|
|
|
Batting: LHB Dillon Gonzalez
|
0-0: Called Strike 0-1: Ball 1-1: SINGLE (Groundball, 34D, EV 106.9 MPH) (infield hit)
|
|
Batting: LHB Sidney Pedder
|
0-0: Called Strike 0-1: Foul Ball, location: 2F 0-2: Foul Ball, location: 2F 0-2: Ball 1-2: SINGLE (Groundball, 4MS, EV 68.8 MPH) (infield hit) Dillon Gonzalez to second
|
|
Batting: SHB Alex Ethridge
|
0-0: Ball 1-0: Ball 2-0: Fly out, F4 (Line Drive, 4, EV 66.9 MPH)
|
|
Batting: RHB Jared Speck
|
0-0: Ball 1-0: Called Strike 1-1: Swinging Strike 1-2: Fielders Choice at 2nd, 6-4 (Groundball, 56, EV 84.4 MPH) Dillon Gonzalez to third
|
|
Batting: RHB Danny Gerardo
|
0-0: Called Strike 0-1: Foul Ball, location: 2F 0-2: Ball 1-2: Strikes out swinging
|
| Bottom of the 1st over - 0 runs, 2 hits, 0 errors, 2 left on base; Iowa 0 - Syracuse 0 |
| TOP OF THE 2ND |
|
Iowa Cubs batting - Pitching for Syracuse Chiefs : RHP Jose Barreras
|
|
Batting: SHB Nick Chandler
|
0-0: Called Strike 0-1: Foul Ball, location: 2F 0-2: Foul Ball, location: 2F 0-2: Foul Ball, location: 2F 0-2: Strikes out swinging
|
|
Batting: SHB Gerardo Flores
|
0-0: Foul Ball, location: 2F 0-1: Ground out 4-3 (Groundball, 4, EV 84.4 MPH)
|
|
Batting: LHB J.D. Brenner
|
0-0: Ball 1-0: Foul Ball, location: 2F 1-1: SINGLE (Groundball, 4M, EV 98.8 MPH) (infield hit)
|
|
Batting: LHB Jose Mojica
|
0-0: Ball 1-0: Fly out, F6 (Popup, 6, EV 56.3 MPH)
|
| Top of the 2nd over - 0 runs, 1 hit, 0 errors, 1 left on base; Iowa 0 - Syracuse 0 |
| BOTTOM OF THE 2ND |
|
Syracuse Chiefs batting - Pitching for Iowa Cubs : RHP Chris Allen
|
|
Batting: RHB Ben Welt
|
0-0: Fly out, F6 (Flyball, 56D, EV 90.0 MPH)
|
|
Batting: RHB Niek de Haan
|
0-0: Ball 1-0: Called Strike 1-1: Fly out, F8 (Line Drive, 8LD, EV 90.6 MPH)
|
|
Batting: RHB Rene Montoya
|
0-0: Ball 1-0: Called Strike 1-1: Swinging Strike 1-2: Strikes out swinging
|
| Bottom of the 2nd over - 0 runs, 0 hits, 0 errors, 0 left on base; Iowa 0 - Syracuse 0 |
| TOP OF THE 3RD |
|
Iowa Cubs batting - Pitching for Syracuse Chiefs : RHP Jose Barreras
|
|
Batting: SHB R.J. Vargas
|
0-0: Ball 1-0: Foul Ball, location: 2F 1-1: Fly out, F8 (Flyball, 8RD, EV 96.9 MPH)
|
|
Batting: LHB Barend van der Kamp
|
0-0: Ground out 5-3 (Groundball, 5L, EV 98.1 MPH)
|
|
Batting: RHB Pat Barton
|
0-0: Ball 1-0: Ball 2-0: Called Strike 2-1: Ground out 4-3 (Groundball, 4MD, EV 108.1 MPH)
|
| Top of the 3rd over - 0 runs, 0 hits, 0 errors, 0 left on base; Iowa 0 - Syracuse 0 |
| BOTTOM OF THE 3RD |
|
Syracuse Chiefs batting - Pitching for Iowa Cubs : RHP Chris Allen
|
|
Batting: RHB Ryan Short
|
0-0: Ball 1-0: Foul Ball, location: 2F 1-1: Ground out 5-3 (Groundball, 56, EV 107.5 MPH)
|
|
Batting: LHB Dillon Gonzalez
|
0-0: Ball 1-0: Foul Ball, location: 2F 1-1: Ball 2-1: Ball 3-1: Base on Balls
|
|
Batting: LHB Sidney Pedder
|
0-0: Ball Dillon Gonzalez steals 2nd base 1-0: Called Strike 1-1: Called Strike Dillon Gonzalez steals 3rd base (no throw) 1-2: Ball 2-2: Ball 3-2: Foul Ball, location: 2F 3-2: Foul Ball, location: 2F 3-2: Foul Ball, location: 2F 3-2: Fly out, F9 (Line Drive, 89S, EV 86.3 MPH)
|
|
Batting: SHB Alex Ethridge
|
0-0: Ball 1-0: Ground out U3 (Groundball, 3, EV 98.8 MPH)
|
| Bottom of the 3rd over - 0 runs, 0 hits, 0 errors, 1 left on base; Iowa 0 - Syracuse 0 |
| TOP OF THE 4TH |
|
Iowa Cubs batting - Pitching for Syracuse Chiefs : RHP Jose Barreras
|
|
Batting: SHB Seung-ho Zhang
|
0-0: Ball 1-0: Called Strike 1-1: SINGLE (Line Drive, 78S, EV 96.3 MPH)
|
|
Batting: RHB Butch Koglin
|
0-0: Called Strike 0-1: Foul Ball, location: 2F 0-2: Ball 1-2: Foul Ball, location: 2F 1-2: Grounds into double play, 5-4-3 (Groundball, 56S, EV 87.5 MPH)
|
|
Batting: SHB Nick Chandler
|
0-0: Ball 1-0: Ground out 4-3 (Groundball, 4S, EV 68.1 MPH)
|
| Top of the 4th over - 0 runs, 1 hit, 0 errors, 0 left on base; Iowa 0 - Syracuse 0 |
| BOTTOM OF THE 4TH |
|
Syracuse Chiefs batting - Pitching for Iowa Cubs : RHP Chris Allen
|
|
Batting: RHB Jared Speck
|
0-0: Fly out, F6 (Line Drive, 6, EV 66.9 MPH)
|
|
Batting: RHB Danny Gerardo
|
0-0: Ground out 6-3 (Groundball, 6, EV 84.4 MPH)
|
|
Batting: RHB Ben Welt
|
0-0: Foul Ball, location: 2F 0-1: Ball 1-1: Ball 2-1: Called Strike 2-2: Ball 3-2: Base on Balls
|
|
Batting: RHB Niek de Haan
|
0-0: Foul Ball, location: 2F 0-1: Ball 1-1: Called Strike 1-2: Strikes out swinging
|
| Bottom of the 4th over - 0 runs, 0 hits, 0 errors, 1 left on base; Iowa 0 - Syracuse 0 |
| TOP OF THE 5TH |
|
Iowa Cubs batting - Pitching for Syracuse Chiefs : RHP Jose Barreras
|
|
Batting: SHB Gerardo Flores
|
0-0: Ball 1-0: Ball 2-0: Swinging Strike 2-1: Ball 3-1: Base on Balls
|
|
Batting: LHB J.D. Brenner
|
0-0: Ball 1-0: Ball 2-0: Fielders Choice at 2nd, 3-6 (Groundball, 3S, EV 84.4 MPH)
|
|
Batting: LHB Jose Mojica
|
0-0: Ball 1-0: Called Strike J.D. Brenner steals 2nd base 1-1: Ball 2-1: Ground out 4-3 (Groundball, 4, EV 90.0 MPH) J.D. Brenner to third
|
|
Batting: SHB R.J. Vargas
|
0-0: Called Strike 0-1: Ball 1-1: Ball 2-1: Ground out 2-3 (Groundball, 2R, EV 68.1 MPH)
|
| Top of the 5th over - 0 runs, 0 hits, 0 errors, 1 left on base; Iowa 0 - Syracuse 0 |
| BOTTOM OF THE 5TH |
|
Syracuse Chiefs batting - Pitching for Iowa Cubs : RHP Chris Allen
|
|
Batting: RHB Rene Montoya
|
0-0: Ball 1-0: Ground out 1-3 (Groundball, 13, EV 69.4 MPH)
|
|
Batting: RHB Ryan Short
|
0-0: Called Strike 0-1: Ground out 6-3 (Groundball, 6, EV 101.9 MPH)
|
|
Batting: LHB Dillon Gonzalez
|
0-0: Swinging Strike 0-1: DOUBLE (Flyball, 8LXD, EV 107.5 MPH)
|
|
Batting: LHB Sidney Pedder
|
0-0: Ball 1-0: Ground out U3 (Groundball, 3, EV 78.1 MPH)
|
| Bottom of the 5th over - 0 runs, 1 hit, 0 errors, 1 left on base; Iowa 0 - Syracuse 0 |
| TOP OF THE 6TH |
|
Iowa Cubs batting - Pitching for Syracuse Chiefs : RHP Jose Barreras
|
|
Batting: LHB Barend van der Kamp
|
0-0: Called Strike 0-1: Foul Ball, location: 2F 0-2: Foul Ball, location: 2F 0-2: Ball 1-2: Ground out 4-3 (Groundball, 4, EV 78.8 MPH)
|
|
Batting: RHB Pat Barton
|
0-0: Ball 1-0: Ball 2-0: Ground out 5-3 (Groundball, 5S, EV 88.1 MPH)
|
|
Batting: SHB Seung-ho Zhang
|
0-0: Swinging Strike 0-1: Ball 1-1: Ball 2-1: Fly out, F8 (Flyball, 8LD, EV 103.8 MPH)
|
| Top of the 6th over - 0 runs, 0 hits, 0 errors, 0 left on base; Iowa 0 - Syracuse 0 |
| BOTTOM OF THE 6TH |
|
Syracuse Chiefs batting - Pitching for Iowa Cubs : RHP Chris Allen
|
|
Batting: SHB Alex Ethridge
|
0-0: Ball 1-0: Ball 2-0: Ball 3-0: Called Strike 3-1: Base on Balls
|
|
Batting: RHB Jared Speck
|
0-0: Ball 1-0: Foul Ball, location: 2F 1-1: Ball 2-1: Ball 3-1: Grounds into double play, 6-4-3 (Groundball, 6, EV 80.6 MPH)
|
|
Batting: RHB Danny Gerardo
|
0-0: Ball 1-0: Ball 2-0: Ball 3-0: Base on Balls
|
|
Batting: RHB Ben Welt
|
0-0: Ball Danny Gerardo steals 2nd base 1-0: Foul Ball, location: 2F 1-1: Swinging Strike 1-2: Foul Ball, location: 2F 1-2: SINGLE (Groundball, 56S, EV 67.5 MPH) (infield hit) Danny Gerardo to third
|
|
Batting: RHB Niek de Haan
|
0-0: Ball 1-0: Foul Ball, location: 2F 1-1: Ball 2-1: SINGLE (Groundball, 56D, EV 101.9 MPH) Danny Gerardo scores Ben Welt to second
|
|
Batting: RHB Rene Montoya
|
0-0: Called Strike 0-1: Ball 1-1: Swinging Strike 1-2: Strikes out swinging
|
| Bottom of the 6th over - 1 run, 2 hits, 0 errors, 2 left on base; Iowa 0 - Syracuse 1 |
| TOP OF THE 7TH |
|
Iowa Cubs batting - Pitching for Syracuse Chiefs : RHP Jose Barreras
|
|
Pitching: RHP Johnny Marquez
|
|
|
Batting: RHB Butch Koglin
|
0-0: Ball 1-0: Ball 2-0: Foul Ball, location: 2F 2-1: Fly out, F7 (Line Drive, 7D, EV 93.1 MPH)
|
|
Batting: SHB Nick Chandler
|
0-0: Ball 1-0: Called Strike 1-1: Called Strike 1-2: Ball 2-2: Strikes out looking
|
|
Batting: SHB Gerardo Flores
|
0-0: Ball 1-0: Ground out 5-3 (Groundball, 6, EV 86.9 MPH)
|
| Top of the 7th over - 0 runs, 0 hits, 0 errors, 0 left on base; Iowa 0 - Syracuse 1 |
| BOTTOM OF THE 7TH |
|
Syracuse Chiefs batting - Pitching for Iowa Cubs : RHP Chris Allen
|
|
Pitching: RHP Pat Stone
|
|
|
Batting: RHB Ryan Short
|
0-0: Called Strike 0-1: Foul Ball, location: 2F 0-2: Strikes out swinging
|
|
Batting: LHB Dillon Gonzalez
|
0-0: Ball 1-0: Swinging Strike 1-1: Ball 2-1: Called Strike 2-2: Ground out 6-3 (Groundball, 6, EV 86.9 MPH)
|
|
Batting: LHB Sidney Pedder
|
0-0: Swinging Strike 0-1: Ball 1-1: Ball 2-1: Swinging Strike 2-2: Strikes out swinging
|
| Bottom of the 7th over - 0 runs, 0 hits, 0 errors, 0 left on base; Iowa 0 - Syracuse 1 |
| TOP OF THE 8TH |
|
Iowa Cubs batting - Pitching for Syracuse Chiefs : RHP Johnny Marquez
|
|
Batting: LHB J.D. Brenner
|
0-0: Ball 1-0: Called Strike 1-1: Called Strike 1-2: Hit by Pitch
|
|
Pitching: LHP James Knapp
|
|
|
Pinch Hitting: RHB Shintaro Katsumata
|
0-0: Ball 1-0: Bunt missed! 1-1: Bunt missed! 1-2: Ground out U3 (Groundball, 34S, EV 88.8 MPH) J.D. Brenner to second
|
|
Batting: SHB R.J. Vargas
|
0-0: Ball 1-0: Called Strike 1-1: Ball 2-1: Ball 3-1: Foul Ball, location: 2F 3-2: Fly out, F3 (Popup, 3SF, EV 85.0 MPH)
|
|
Batting: LHB Barend van der Kamp
|
0-0: Called Strike 0-1: Swinging Strike 0-2: Ball 1-2: Ball 2-2: Foul Ball, location: 2F 2-2: Ball 3-2: Base on Balls
|
|
Batting: RHB Pat Barton
|
0-0: Ball 1-0: Ball 2-0: DOUBLE (Line Drive, 3D, EV 95.6 MPH) J.D. Brenner scores Barend van der Kamp to third Runner from 3rd tries for Home, SAFE, throw by RF to home
|
|
Batting: SHB Seung-ho Zhang
|
0-0: Ball 1-0: Called Strike 1-1: Foul Ball, location: 2F 1-2: Ground out U3 (Groundball, 13, EV 91.9 MPH)
|
| Top of the 8th over - 2 runs, 1 hit, 0 errors, 1 left on base; Iowa 2 - Syracuse 1 |
| BOTTOM OF THE 8TH |
|
Syracuse Chiefs batting - Pitching for Iowa Cubs : RHP Pat Stone
|
|
Now at SS: Bobby Adams
|
|
|
Batting: SHB Alex Ethridge
|
0-0: Ball 1-0: Foul Ball, location: 2F 1-1: Foul Ball, location: 2F 1-2: Foul Ball, location: 2F 1-2: Fly out, F4 (Popup, 4D, EV 49.4 MPH)
|
|
Batting: RHB Jared Speck
|
0-0: Called Strike 0-1: Fly out, F7 (Flyball, 7S, EV 91.9 MPH)
|
|
Batting: RHB Danny Gerardo
|
0-0: SINGLE (Groundball, 6D, EV 108.1 MPH)
|
|
Batting: RHB Ben Welt
|
0-0: Ball 1-0: Foul Ball, location: 2F 1-1: Foul Ball, location: 2F 1-2: Ball 2-2: Strikes out swinging
|
| Bottom of the 8th over - 0 runs, 1 hit, 0 errors, 1 left on base; Iowa 2 - Syracuse 1 |
| TOP OF THE 9TH |
|
Iowa Cubs batting - Pitching for Syracuse Chiefs : LHP James Knapp
|
|
Pitching: LHP Jake Richards
|
|
|
Batting: RHB Butch Koglin
|
0-0: Ball 1-0: Ball 2-0: Fly out, F9 (Flyball, 89S, EV 75.6 MPH)
|
|
Batting: SHB Nick Chandler
|
0-0: Swinging Strike 0-1: Swinging Strike 0-2: Strikes out swinging
|
|
Batting: SHB Gerardo Flores
|
0-0: Fly out, F9 (Line Drive, 9, EV 93.8 MPH)
|
| Top of the 9th over - 0 runs, 0 hits, 0 errors, 0 left on base; Iowa 2 - Syracuse 1 |
| BOTTOM OF THE 9TH |
|
Syracuse Chiefs batting - Pitching for Iowa Cubs : RHP Pat Stone
|
|
Pitching: LHP Shane Stratton
|
|
|
Batting: RHB Niek de Haan
|
0-0: Swinging Strike 0-1: Ball 1-1: Swinging Strike 1-2: Foul Ball, location: 2F 1-2: Ground out 3-1 (Groundball, 3D, EV 108.8 MPH)
|
|
Batting: RHB Rene Montoya
|
0-0: SINGLE (Line Drive, 78S, EV 108.1 MPH)
|
|
Batting: RHB Ryan Short
|
0-0: Ball 1-0: Ball 2-0: Swinging Strike 2-1: Ball 3-1: Foul Ball, location: 2F 3-2: Fielders Choice at 2nd, 6-4 (Groundball, 6S, EV 78.8 MPH)
|
|
Batting: LHB Dillon Gonzalez
|
0-0: Ball 1-0: Ball 2-0: Foul Ball, location: 2F 2-1: Fielders Choice at 2nd, 6-4 (Groundball, 6, EV 84.4 MPH)
|
| Bottom of the 9th over - 0 runs, 1 hit, 0 errors, 1 left on base; Iowa 2 - Syracuse 1 |
|